 Dungeon Crawl Stone Soup version 0.19.1 (webtiles) character file.

11 empire the Magician (level 2, 0/19 HPs)
             Began as a Mummy Wizard on Dec 19, 2016.
             Slain by a hobgoblin
             ... wielding a +0 club
              (2 damage)
             ... on level 1 of the Dungeon.
             The game lasted 00:01:38 (818 turns).

empire the Magician (Mummy Wizard)                   Turns: 818, Time: 00:01:39

Health: 0/19       AC:  2    Str: 10    XL:     2   Next: 13%
Magic:  2/6        EV: 12    Int: 17    God:
Gold:   52         SH:  0    Dex: 10    Spells: 1 memorised, 6 levels left

rFire  x . .     SeeInvis .     a - +0 short sword
rCold  + . .     Gourm    .     X - +0 robe
rNeg   + + +     Faith    .     (no shield)
rPois  ∞         Spirit   .     Z - +0 hat
rElec  .         Reflect  .     (no cloak)
rCorr  .         Harm     .     (no gloves)
MR     .....                    (no boots)
Stlth  ++........               (no amulet)
                                (no ring)
                                (no ring)

@: very slightly contaminated
A: no food or potions, fire vulnerability, cold resistance 1, negative energy
resistance 3, torment resistance, unbreathing
a: no special abilities


You were on level 1 of the Dungeon.
You were not hungry.

You visited 1 branch of the dungeon, and saw 1 of its levels.

You collected 52 gold pieces.

Inventory:

Hand Weapons
 a - a +0 short sword (weapon)
Missiles
 e - 45 arrows
 g - 12 poisoned needles
Armour
 X - a +0 robe (worn)
 Z - a +0 hat (worn)
Scrolls
 d - a scroll of enchant weapon {unknown}
Books
 c - a book of Minor Magic

   Spells                             Type                      Level
   a - Magic Dart                     Conjuration                  1
   b - Blink                          Translocation                2
   c - Call Imp                       Summoning                    2
   d - Repel Missiles                 Charms/Air                   2
   e - Slow                           Hexes                        2
   f - Conjure Flame                  Conjuration/Fire             3
   g - Mephitic Cloud                 Conjuration/Poison/Air       3


   Skills:
 - Level 1.5 Dodging
 - Level 1.5 Stealth
 + Level 3.2 Spellcasting
 + Level 1.3 Conjurations
   Level 0.7 Summonings
   Level 0.7 Translocations


You had 6 spell levels left.
You knew the following spells:

 Your Spells              Type           Power        Failure   Level  Hunger
a - Magic Dart            Conj           #...         12%         1    N/A

Dungeon Overview and Level Annotations

Branches:
Dungeon (1/15)

Altars:


Innate Abilities, Weirdness & Mutations

You do not eat or drink.
Your flesh is vulnerable to fire.
You are immune to poison.
Your flesh is cold resistant. (rC+)
You are immune to negative energy. (rN+++)
You are immune to unholy pain and torment.
You can survive without breathing.


Message History

Aiming: Magic Dart
Press: ? - help, Shift-Dir - straight line, f/p - hobgoblin
Aim: a hobgoblin, wielding a club and wearing a chain mail You miscast Magic Dart.
You are very lightly contaminated with residual magic.
Nothing appears to happen.
Casting: Magic Dart
Confirm with . or Enter, or press ? or * to list all spells.
Aiming: Magic Dart
Press: ? - help, Shift-Dir - straight line, f/p - hobgoblin
Aim: a hobgoblin, wielding a club and wearing a chain mail The magic dart hits the hobgoblin.
The hobgoblin hits you with a club.
* * * LOW HITPOINT WARNING * * *
Casting: Magic Dart
Confirm with . or Enter, or press ? or * to list all spells.
Aiming: Magic Dart
Press: ? - help, Shift-Dir - straight line, f/p - hobgoblin
Aim: a hobgoblin, wielding a club and wearing a chain mail The magic dart hits the hobgoblin.
The hobgoblin hits you with a club.
You die...

.. ###........## ..
#....#.###### #.#
##...##.#....#
#.####..####...#### #.##....#
#..####. #..#.#..# #.####..
#..#...## #.###... #.g...###
#.#..... #.@.....# #.#.8.8.
##...###.####.#..8..
##########...## #......#.8.8.
##...##...(...#####...#.#.....
##..........#........#...######
#..........(....#######.##..###
#..............## #.##)..##
#............#.# #..(.....
##...........#.# #######.#....


You could see a hobgoblin.

Vanquished Creatures
  A leopard gecko (D:1)
  3 hobgoblins (D:1)
  A bat (D:1)
  3 frilled lizards (D:1)
  2 kobolds (D:1)
10 creatures vanquished.

Notes
Turn   | Place    | Note
-------+----------+-------------------------------------------
     0 | D:1      | empire the Mummy Wizard began the quest for the Orb.
     0 | D:1      | Reached XP level 1. HP: 13/13 MP: 4/4
   112 | D:1      | Reached skill level 1 in Conjurations
   650 | D:1      | Reached XP level 2. HP: 19/19 MP: 1/6
   818 | D:1      | Slain by a hobgoblin

Skill      XL: |  1 |
---------------+----+-----
Conjurations   | 1 |  1.3
Dodging        | |  1.5
Stealth        | |  1.5
Spellcasting   | |  3.2
Summonings     | |  0.7
Translocations | |  0.7

Action                   || total
-------------------------++-------
Melee: Short sword       ||    18
       Unarmed           ||     1
 Cast: Magic Dart        ||    26
Armor: Robe              ||     6
Dodge: Dodged            ||    22
